 Dungeon Crawl Stone Soup version 0.29-a0-251-g80730f7218 (webtiles) character file.

Game seed: 17348188694450881304

33 tilp the Chiller (level 3, 14/14 HPs)
             Began as a Felid Ice Elementalist on Mar 5, 2022.
             Quit the game on level 2 of the Dungeon.
             The game lasted 00:06:59 (3250 turns).

tilp the Chiller (Felid Ice Elementalist)           Turns: 3250, Time: 00:06:59

Health: 14/14      AC:  1    Str:  4    XL:     3   Next: 12%
Magic:  8/8        EV: 17    Int: 18    God:
Gold:   83         SH:  0    Dex: 16    Spells: 0/7 levels left
                                        Lives:  0   Deaths: 1

rFire   . . .      SeeInvis +   (weapon unavailable)
rCold   . . .      Faith    .   (shield unavailable)
rNeg    . . .      Spirit   .   (body armour unavailable)
rPois   .          Reflect  .   (helmet unavailable)
rElec   .          Harm     .   (cloak unavailable)
rCorr   .          Rampage  .   (gloves unavailable)
Will    .....                   (boots unavailable)
Stlth   ++........              (no amulet)
HPRegen 0.04/turn               (no ring)
MPRegen 0.11/turn               (no ring)

@: quick
A: very small, claws 1, fangs 3, see invisible, speed 1, shaggy fur 1, stealthy
paws, no weapons or thrown items, no armour, multi-lived
a: no special abilities


You were on level 2 of the Dungeon.
You visited 1 branch of the dungeon, and saw 2 of its levels.

You collected 83 gold pieces.

Inventory:

Wands
 f - a wand of acid (6)
Scrolls
 b - a scroll of summoning {unknown}
 c - 2 scrolls of identify {unknown}
Potions
 a - a potion of curing {unknown}
 d - a potion of heal wounds {unknown}
 e - a potion of lignification {unknown}


   Skills:
 - Level 2.6 Dodging
 - Level 2.6 Stealth
 + Level 2.8 Spellcasting
 * Level 4.7 Ice Magic


You couldn't memorise any spells.
You knew the following spells:

 Your Spells              Type           Power      Damage    Failure   Level
a - Freeze                Ice            76%        1d9       2%          1
b - Frozen Ramparts       Ice            38%        1d5       7%          3
c - Ozocubu's Armour      Ice            19%        N/A       7%          3

Your spell library contained the following spells:

 Spells                   Type           Power      Damage    Failure   Level
 Hailstorm                Conj/Ice       11%        3d5       52%         4


Dungeon Overview and Level Annotations

Branches:
Dungeon (2/15)

Altars:


Innate Abilities, Weirdness & Mutations

You have sharp claws.
You have razor-sharp teeth.
You have supernaturally acute eyesight. (SInv)
You cover ground quickly. (Speed+)
You are covered in fur. (AC +1)
Your paws help you pounce on unaware monsters.
You are incapable of wielding weapons or throwing items.
You cannot wear armour.
You gain extra lives every three experience levels.


Message History

Done exploring.
Done exploring.
Done exploring.
Level map cleared.
There is a stone staircase leading up here.
A gnoll is nearby!
Unknown command.
Casting: Freeze (safe; 2% risk of failure)
Confirm with . or Enter, or press ? or * to list all spells.
The spell is extremely dangerous to miscast (7% risk of failure)!
Continue anyway?
Casting: Frozen Ramparts (extremely dangerous; 7% risk of failure)
Press: ? - help, Dir - look around, f - activate The walls around you are covered in ice.
The gnoll shouts!
Casting: Frozen Ramparts (extremely dangerous; 7% risk of failure)
Confirm with . or Enter, or press ? or * to list all spells.
The spell is extremely dangerous to miscast (7% risk of failure)!
Continue anyway?
A film of ice covers your body!
Unknown command.
The wall freezes the gnoll.
The wall freezes the gnoll.
The gnoll hits you from afar with a +1 spear of flaming.
The gnoll burns you. The heat melts your icy armour.
The wall freezes the gnoll.
The gnoll hits you but does no damage.
The wall freezes the gnoll.
The gnoll hits you from afar with a +1 spear of flaming.
The gnoll burns you.
* * * LOW HITPOINT WARNING * * *
The heat melts your icy armour.
Unknown command.
The wall freezes the gnoll.
The gnoll hits you from afar with a +1 spear of flaming.
* * * LOW HITPOINT WARNING * * *
The gnoll burns you.
You die...
The heat melts your icy armour.
You are now level 3!
You rejoin the land of the living...
Are you sure you want to abandon this character and quit the game? (Confirm with "yes".)

######### *******
#.......# **,,,,,*
######### #.......#
**,,,,,,,
........###.......#
*,,,,,,,,
#######.......#..####
*,,,,,,,,
#######.......###
*,,,,,,,,
####@.#...#**,,,,,,,,
##########***
##...#..†,,...,,,,
##.....#.....##
##..#**#*#...,,,,
#.............## #..#
*#....,,,,
...............#
#..###*.....,,,,
.............<.#
##...##.....,,,,
...............#
#...#......,,,,
...............#
##....#,,,.,,,,
...............#
##..###...,,,,


There were no monsters in sight!

Vanquished Creatures
  An adder (D:2)
  2 gnolls (D:2)
  3 dart slugs
  5 ball pythons
  4 bats
  5 endoplasms
  3 giant cockroaches (D:1)
  3 goblins
  3 hobgoblins
  A quokka (D:2)
  2 frilled lizards
  3 kobolds
  9 rats
44 creatures vanquished.

Notes
Turn   | Place    | Note
-------+----------+-------------------------------------------
     0 | D:1      | tilp the Felid Ice Elementalist began the quest for the
                  | Orb.
     0 | D:1      | Reached XP level 1. HP: 7/7 MP: 4/4
   334 | D:1      | Upgraded the game from 0.29-a0-243-g602b31c20e to
                  | 0.29-a0-251-g80730f7218
   634 | D:1      | Reached XP level 2. HP: 9/11 MP: 0/6
   903 | D:1      | Reached skill level 4 in Ice Magic
  1626 | D:1      | Reached XP level 3. HP: 14/14 MP: 5/7
  1636 | D:1      | Learned a level 3 spell: Frozen Ramparts
  2222 | D:2      | Learned a level 3 spell: Ozocubu's Armour
  2899 | D:2      | Reached XP level 4. HP: 15/18 MP: 2/9
  3249 | D:2      | Slain by a gnoll
  3250 | D:2      | Reached XP level 3. HP: 0/14 MP: 3/8
  3250 | D:2      | Quit the game

Illustrated notes

Levels and vault maps discovered:
D:1:      sevenhm_arrival_forest_fort_small_5, layout_basic
D:2:      layout_rooms, dreamdust_wishing_well

Skill      XL: |  1  2 |
---------------+-------+-----
Ice Magic      | 4 |  4.7
Dodging        | |  2.6
Stealth        | |  2.6
Spellcasting   | |  2.8

Action                   |  1- 3 |  4- 6 || total
-------------------------+-------+-------++-------
Melee: Unarmed           |    21 |       ||    21
       Bite              |     3 |       ||     3
 Cast: Freeze            |    59 |     1 ||    60
       Frozen Ramparts   |     4 |     2 ||     6
       Ozocubu's Armour  |     2 |     1 ||     3
  Use: Scroll            |     3 |       ||     3
 Stab: Sleeping          |     8 |       ||     8
Armor: Skin              |     3 |     1 ||     4
Dodge: Dodged            |    50 |       ||    50

Table legend: (Time is in decaauts)
 A = Elapsed time spent in this place.
 B = Non-inter-level travel time spent in this place.
 C = Inter-level travel time spent in this place.
 D = Time resting spent in this place.
 E = Time spent auto-exploring this place.
 F = Levels seen in this place.
 G = Mean time per level.
                   A        B        C        D        E       F      G
               +--------+--------+--------+--------+--------+-----+--------+
         Total |   3024 |   2984 |     40 |   1408 |   1169 |   2 | 1512.0 |
       Dungeon |   3024 |   2984 |     40 |   1408 |   1169 |   2 | 1512.0 |
               +--------+--------+--------+--------+--------+-----+--------+

Top non-repeatable levels by time:
     D:1: 1939 daAuts
     D:2: 1084 daAuts
